 Dungeon Crawl Stone Soup version 0.19-a0-1875-g4fea3da (webtiles) character file.

672 vev the Conjurer (level 7, -1/50 HPs)
             Began as a Demigod Wizard on Oct 13, 2016.
             Slain by a worker ant (4 damage)
             ... on level 5 of the Dungeon.
             The game lasted 00:12:20 (6628 turns).

vev the Conjurer (Demigod Wizard)                   Turns: 6628, Time: 00:12:21

Health: -1/50      AC:  4    Str: 12    XL:     7   Next: 10%
Magic:  4/16       EV: 12    Int: 26    God:
Gold:   235        SH:  0    Dex: 14    Spells: 4 memorised, 5 levels left

rFire  . . .     SeeInvis .     l - +0 dagger
rCold  . . .     Gourm    +     a - +0 robe
rNeg   . . .     Faith    .     (no shield)
rPois  .         Spirit   .     b - +0 hat
rElec  .         Dismiss  .     o - +0 cloak
rCorr  .         Reflect  .     (no gloves)
MR     .....     Harm     .     (no boots)
Stlth  ++++......               e - amulet of the gourmand (curse)
                                s - ring of flight
                                (no ring)

@: lethally poisoned (-1 -> -11), very slightly contaminated
A: horns 1, iridescent scales 1, camouflage 1, deformed body, high mp 1,
screaming 1, strong 1
a: Evoke Flight


You were on level 5 of the Dungeon.
You were very full.

You visited 1 branch of the dungeon, and saw 5 of its levels.

You collected 235 gold pieces.

Inventory:

Hand Weapons
 l - a +0 dagger (weapon)
Missiles
 u - a throwing net (quivered)
Armour
 a - a +0 robe (worn)
 b - a +0 hat (worn)
 o - a +0 cloak (worn)
Jewellery
 e - a cursed amulet of the gourmand (around neck)
 s - a ring of flight (right hand)
Scrolls
 g - a scroll of blinking {unknown}
 i - a scroll of immolation {unknown}
 j - 2 scrolls of amnesia {unknown}
 k - a scroll of identify
 m - a scroll of teleportation {unknown}
 n - 2 scrolls of fog {unknown}
 t - a scroll of magic mapping {unknown}
 v - 2 scrolls of fear {unknown}
 w - 2 scrolls of enchant weapon {unknown}
Potions
 h - 2 potions of curing
 p - a potion of berserk rage
 r - a potion of agility {unknown}
 z - a potion of invisibility {unknown}
Books
 c - a book of Minor Magic

   Spells                             Type                      Level
   a - Magic Dart                     Conjuration                  1
   b - Blink                          Translocation                2
   c - Call Imp                       Summoning                    2
   d - Repel Missiles                 Charms/Air                   2
   e - Slow                           Hexes                        2
   f - Conjure Flame                  Conjuration/Fire             3
   g - Mephitic Cloud                 Conjuration/Poison/Air       3
Comestibles
 d - 3 bread rations
 f - a slice of pizza
 q - a beef jerky
 x - 4 fruits
 A - a chunk of flesh


   Skills:
 - Level 1.7 Dodging
 + Level 4.5 Stealth
 + Level 4.2 Spellcasting
 * Level 5.0 Conjurations
   Level 0.8 Summonings
 - Level 0.8 Translocations


You had 5 spell levels left.
You knew the following spells:

 Your Spells              Type           Power        Failure   Level  Hunger
a - Magic Dart            Conj           ####         1%          1    None
b - Blink                 Tloc           N/A          12%         2    None
c - Conjure Flame         Conj/Fire      ###.....     10%         3    ##.....
f - Mephitic Cloud        Conj/Pois/Air  ##......     14%         3    ##.....


Dungeon Overview and Level Annotations

Branches:
Dungeon (5/15)             Temple (0/1) D:5


Innate Abilities, Weirdness & Mutations

You have an increased reservoir of magic. (+10% MP)
You have a pair of small horns on your head.
You are partially covered in iridescent scales. (AC +2)
Your skin changes colour to match your surroundings (Stealth+).
Armour fits poorly on your strangely shaped body.
You occasionally shout uncontrollably at your foes.
Your muscles are strong. (Str +2)


Message History

The magic dart hits Sigmund.
You kill Sigmund!
Your Conjurations skill increases to level 5!
You have reached level 7!
The worker ant misses you. The worker ant bites you.
* * * LOW HITPOINT WARNING * * *
You are poisoned.
The worker ant poisons you! The worker ant barely misses you.
You feel sick. The worker ant bites you.
* * * LOW HITPOINT WARNING * * *
Casting: Magic Dart
Confirm with . or Enter, or press ? or * to list all spells.
You miscast Blink.
You are very lightly contaminated with residual magic.
Nothing appears to happen.
You feel sick. The worker ant bites you.
* * * LOW HITPOINT WARNING * * *
You are more poisoned.
The worker ant poisons you! The worker ant bites you.
You die...

##...######
#.........## ..
#....>.....##
#..#...<........
#.#......|..#
#...........#
#.........#
#.........#
##)....a@..#
#......a...#
#..###..####
.?... #...# .###
##..## ##..#
#.w# ##.## #..##


You could see 2 worker ants.

Vanquished Creatures
  Sigmund (D:5)
  A phantom (D:4)
  The ghost of Amnesiac the Slasher, an amateur HaMo (D:4)
  A water moccasin skeleton (D:4)
  An orc wizard (D:3)
  A worker ant (D:4)
  7 adders
  4 gnolls
  3 oozes
  An adder skeleton (D:4)
  2 worms (D:3)
  A dart slug (D:1)
  4 leopard geckos
  11 orcs (D:3)
  A ball python (D:2)
  7 giant cockroaches
  10 goblins
  9 hobgoblins
  7 jackals
  4 kobolds
  2 quokkas
  9 bats
  4 frilled lizards
  8 rats
100 creatures vanquished.

Notes
Turn   | Place    | Note
-------+----------+-------------------------------------------
     0 | D:1      | vev the Demigod Wizard began the quest for the Orb.
     0 | D:1      | Reached XP level 1. HP: 14/14 MP: 6/6
    15 | D:1      | Reached skill level 1 in Conjurations
   583 | D:1      | Reached skill level 2 in Stealth
   583 | D:1      | Reached XP level 2. HP: 20/20 MP: 1/8
   879 | D:1      | Learned a level 2 spell: Blink
  1129 | D:1      | Reached skill level 3 in Spellcasting
  1262 | D:1      | Reached skill level 2 in Conjurations
  1662 | D:2      | Reached XP level 3. HP: 26/26 MP: 10/10
  1787 | D:2      | Learned a level 3 spell: Conjure Flame
  2094 | D:2      | Found a shadowy altar of Dithmenos.
  2683 | D:2      | Reached XP level 4. HP: 33/33 MP: 5/11
  3010 | D:2      | Reached skill level 3 in Conjurations
  3056 | D:2      | Found a basalt altar of Yredelemnul.
  3276 | D:3      | Gained mutation: You have a pair of small horns on your head. [potion of mutation]
  3276 | D:3      | Gained mutation: Armour fits poorly on your strangely shaped body. [potion of mutation]
  3276 | D:3      | Gained mutation: Your muscles are strong. (Str +2) [potion of mutation]
  3277 | D:3      | Gained mutation: You are partially covered in iridescent scales. (AC +2) [potion of mutation]
  3277 | D:3      | Gained mutation: You occasionally shout uncontrollably at your foes. [potion of mutation]
  3277 | D:3      | Gained mutation: Your skin changes colour to match your surroundings (Stealth+). [potion of mutation]
  3296 | D:3      | Reached skill level 3 in Stealth
  3565 | D:3      | Learned a level 3 spell: Mephitic Cloud
  3966 | D:3      | Reached XP level 5. HP: 38/38 MP: 10/13
  5460 | D:4      | Noticed a phantom
  5491 | D:4      | Killed a phantom
  5491 | D:4      | Reached skill level 4 in Conjurations
  5491 | D:4      | Reached XP level 6. HP: 45/45 MP: 0/14
  5546 | D:4      | Noticed Amnesiac's ghost (amateur HaMo)
  5717 | D:4      | Killed Amnesiac's ghost
  5717 | D:4      | Reached skill level 4 in Stealth
  6312 | D:4      | Reached skill level 4 in Spellcasting
  6600 | D:5      | Entered Level 5 of the Dungeon
  6600 | D:5      | Noticed Sigmund
  6619 | D:5      | Found a staircase to the Ecumenical Temple.
  6625 | D:5      | Killed Sigmund
  6625 | D:5      | Reached skill level 5 in Conjurations
  6625 | D:5      | Reached XP level 7. HP: 14/50 MP: 6/16
  6628 | D:5      | HP: 3/50 [worker ant (4)]
  6628 | D:5      | Slain by a worker ant

Vault maps used:
D:1:      dpeg_arrival_rhombi
D:2:      nicolae_dithmenos_shadow_blocks, yredelemnul_altar_generic
D:3:      minmay_hedge_maze, minmay_checkerbox
D:4:      kennysheep_doodads
D:5:      first_bread, uniq_sigmund

Skill      XL: |  1  2  3  4  5  6 |
---------------+-------------------+-----
Conjurations   | 1 2 3 4 5 |  5.0
Stealth        | 2 3 4 |  4.5
Spellcasting   | 3 4 |  4.2
Dodging        | |  1.7
Summonings     | |  0.8
Translocations | |  0.8

Action                   |  1- 3 |  4- 6 |  7- 9 || total
-------------------------+-------+-------+-------++-------
Melee: Dagger            |    20 |    83 |       ||   103
       Headbutt          |       |     9 |       ||     9
 Cast: Magic Dart        |    97 |   200 |     1 ||   298
       Blink             |     1 |     1 |       ||     2
       Conjure Flame     |       |     7 |       ||     7
       Mephitic Cloud    |       |     2 |       ||     2
  Use: Scroll            |       |     6 |       ||     6
       Potion            |       |     3 |       ||     3
 Stab: Sleeping          |     3 |     3 |       ||     6
       Confused          |       |     1 |       ||     1
  Eat: Chunk             |     5 |    22 |       ||    27
Armor: Robe              |    15 |    27 |       ||    42
Dodge: Dodged            |    27 |    81 |     2 ||   110
